 Dungeon Crawl Stone Soup version 0.30.1 (webtiles) character file.

Game seed: 494775730469162369

137 Graphine the Insei (level 5, -4/38 HPs)
             Began as a Human Transmuter on July 6, 2023.
             Slain by Pikel
             ... wielding a +0 whip of flaming
              (8 damage)
             ... on level 4 of the Dungeon.
             The game lasted 00:08:12 (2194 turns).

Graphine the Insei (Human Transmuter)               Turns: 2194, Time: 00:08:13

Health: -4/38      AC:  5    Str: 12    XL:     5   Next: 43%
Magic:  7/8        EV: 13    Int: 13    God:
Gold:   213        SH:  0    Dex: 14    Spells: 5/8 levels left

rFire   . . .        j - +3 short sword (venom)
rCold   . . .        (no shield)
rNeg    . . .        a - +0 robe
rPois   .            (helmet currently unavailable)
rElec   .            (no cloak)
rCorr   .            f - +2 pair of gloves
SInv    .            (boots currently unavailable)
Will    .....        (no amulet)
Stlth   +            (no ring)
HPRegen 0.26/turn    (no ring)
MPRegen 0.11/turn

%: no passive effects
@: appendages (expiring), wereblooded (expiring)
A: horns 2, talons 2
a: End Transformation


You were on level 4 of the Dungeon.
You had temporarily grown beastly horns and talons.
You visited 1 branch of the dungeon, and saw 4 of its levels.

You collected 213 gold pieces.

Inventory:

Hand Weapons
 j - a +3 short sword of venom (weapon)
Missiles
 c - 8 boomerangs (quivered)
Armour
 a - a +0 robe (worn)
 f - a +2 pair of gloves (worn)
Magical Staves
 g - a staff of poison
Jewellery
 q - a +4 ring of protection
Scrolls
 i - a scroll of fear
 o - 3 scrolls of identify
 p - a scroll of teleportation
Potions
 b - a potion of lignification
 d - a potion of brilliance {unknown}
 e - a potion of magic {unknown}
 h - 2 potions of berserk rage
 k - 3 potions of ambrosia {unknown}
 l - a potion of attraction {unknown}
 m - 2 potions of heal wounds {unknown}
 r - a potion of might {unknown}


   Skills:
 + Level 1.8 Fighting
 + Level 0.3 Throwing
 * Level 3.0 Dodging
 + Level 3.3 Unarmed Combat
 + Level 2.3 Spellcasting
 * Level 3.2 Transmutations
 - Level 1.0 Ice Magic
 + Level 0.6 Poison Magic


You had 5 spell levels left.
You knew the following spells:

 Your Spells              Type           Power      Damage    Failure   Level
a - Beastly Appendage     Tmut           18%        N/A       7%          1
b - Wereblood             Tmut           9%         N/A       10%         2

Your spell library contained the following spells:

 Spells                   Type           Power      Damage    Failure   Level
 Apportation              Tloc           2%         N/A       26%         1
 Poisonous Vapours        Pois/Air       4%         N/A       32%         2
 Spider Form              Tmut/Pois      6%         N/A       34%         3
 Blink                    Tloc           2%         N/A       36%         2
 Lesser Beckoning         Tloc           2%         N/A       36%         2
 Mephitic Cloud           Conj/Pois/Air  2%         N/A       56%         3
 Gell's Gravitas          Tloc           1%         N/A       58%         3
 Portal Projectile        Hex/Tloc       2%         N/A       58%         3
 Teleport Other           Tloc           1%         N/A       58%         3
 Tukima's Dance           Hex            1%         N/A       58%         3
 Ice Form                 Ice/Tmut       7%         N/A       71%         4
 Blade Hands              Tmut           4%         N/A       88%         5
 Passage of Golubria      Tloc           1%         N/A       94%         4
 Yara's Violent Unravell  Hex/Tmut       2%         3d3       98%         5
 Freezing Cloud           Conj/Ice/Air   1%         6-21      99%         5
 Dispersal                Tloc           0%         N/A       100%        6
 Disjunction              Tloc           0%         N/A       100%        8


Dungeon Overview and Level Annotations

Branches:
Dungeon (4/15)
 Temple: D:4-7

Altars:
Zin

Shops:
D:2 =

Annotations:
D:4 Pikel


Innate Abilities, Weirdness & Mutations

You have temporarily grown beastly horns and talons.


Message History

You puncture the hobgoblin!
You feel a bit better.
You kill the hobgoblin!
The hobgoblin hits you but does no damage.
The lemure closely misses you. The lemure barely misses you.
You hit the goblin.
The goblin is poisoned.
You claw the goblin.
You feel a bit better.
You kill the goblin!
The goblin hits you with a +0 dagger. The hobgoblin hits you.
The lemure misses you.
You hit the goblin.
You feel a bit better.
You kill the goblin!
The goblin barely misses you. The hobgoblin hits you.
You closely miss the goblin. Your kick misses the goblin.
Pikel hits you with a +0 whip of flaming.
Pikel burns you.
* * * LOW HITPOINT WARNING * * *
The goblin hits you but does no damage. The hobgoblin misses you.
The lemure barely misses you.
You puncture the goblin!
You feel a bit better.
You kill the goblin!
The hobgoblin no longer looks unusually strong.
Pikel closely misses you. The lemure closely misses you.
The hobgoblin hits you.
* * * LOW HITPOINT WARNING * * *
The lemure barely misses you.
You closely miss Pikel. Your kick misses Pikel. Your headbutt misses Pikel.
The lemure closely misses you.
Pikel hits you with a +0 whip of flaming.
* * * LOW HITPOINT WARNING * * *
Pikel burns you.
* * * LOW HITPOINT WARNING * * *
The hobgoblin hits you.
* * * LOW HITPOINT WARNING * * *
The lemure misses you.
You hit Pikel but do no damage.
Pikel is poisoned.
Your kick misses Pikel. You headbutt Pikel!
Pikel is heavily wounded.
Your primal bloodlust is almost over.
Pikel hits you with a +0 whip of flaming!
You die...

#..........#.......
...........#........ ..
.#.................. ...
................... ....
.................###....
......................#
.##...............)...##
##.............))K......
......
#....)..###...)@5......
...... #.......#
#...)5g...(.. ....#.
#.......# #.............
..... #.......#
#.......##..... ....
##.......# #######.#
.....##5. # .... ...
+#.....# #### #.$..<#
##5.K.... #.....###.#


You could see Pikel (very poisoned), 2 lemures and a hobgoblin.

Vanquished Creatures
  2 lemures (D:3)
  Robin (D:4)
  6 adders
  A worm (D:3)
  A dart slug (D:2)
  6 endoplasms
  2 giant cockroaches
  11 goblins
  6 hobgoblins
  4 kobolds
  6 quokkas
  4 ball pythons
  6 bats
  2 frilled lizards (D:2)
  7 rats
65 creatures vanquished.

Notes
Turn   | Place    | Note
-------+----------+-------------------------------------------
     0 | D:1      | Graphine the Human Transmuter began the quest for the Orb.
     0 | D:1      | Reached XP level 1. HP: 15/15 MP: 3/3
    95 | D:1      | Reached XP level 2. HP: 21/21 MP: 3/5
   134 | D:1      | Learned a level 2 spell: Wereblood
   369 | D:2      | Found Haaxiarr's Jewellery Boutique.
   378 | D:2      | Reached XP level 3. HP: 26/26 MP: 2/6
   578 | D:2      | Reached XP level 4. HP: 32/32 MP: 4/7
   753 | D:2      | Found a faded altar of an unknown god.
   863 | D:2      | Reached skill level 1 in Ice Magic
  1248 | D:3      | Got Luoxiw Bina's Guidebook on Transportation
  1431 | D:3      | Reached XP level 5. HP: 37/37 MP: 4/8
  1508 | D:3      | Found a glowing silver altar of Zin.
  1870 | D:4      | Noticed Pikel
  1870 | D:4      | Noticed a lemure
  1870 | D:4      | Noticed a lemure
  1870 | D:4      | Noticed a lemure
  1871 | D:4      | Noticed a lemure
  1877 | D:3      | Killed a lemure
  1883 | D:3      | Killed a lemure
  2175 | D:4      | Noticed Robin
  2186 | D:4      | Killed Robin
  2194 | D:4      | Slain by Pikel

Illustrated notes

Levels and vault maps discovered:
D:1:      dpeg_arrival_tiny_i, layout_rooms, grunt_decor_junction
D:2:      layout_basic, serial_shops, nicolae_shop_tiny_glass,
          shapermc_ecumenical_altar_flowoftime
D:3:      layout_basic, nicolae_overflow_crystal_walls, st_stairs_4
D:4:      minmay_opposing_rooms, layout_basic, nicolae_vehumet_altar_sigil,
          serial_shops, shop, nicolae_elevator_lobby_asterisk, uniq_duvessa,
          uniq_robin, uniq_pikel

Skill      XL: |  1  2  3  4  5 |
---------------+----------------+-----
Ice Magic      | 1 |  1.0
Transmutations | 3 |  3.2
Dodging        | 3 |  3.0
Fighting       | |  1.8
Throwing       | |  0.3
Unarmed Combat | |  3.3
Spellcasting   | |  2.3
Poison Magic   | |  0.6

Action                     |  1- 3 |  4- 6 || total
---------------------------+-------+-------++-------
  Melee: Unarmed           |     8 |       ||     8
         Kick              |     6 |     7 ||    13
         Headbutt          |     4 |     8 ||    12
         Short sword       |    31 |    68 ||    99
         Punch             |       |     1 ||     1
  Throw: Boomerang         |       |    42 ||    42
   Cast: Beastly Appendage |    12 |    14 ||    26
         Wereblood         |     3 |    12 ||    15
    Use: Scroll            |     3 |     3 ||     6
         Potion            |       |     1 ||     1
 Armour: Robe              |    10 |    18 ||    28
  Dodge: Dodged            |    29 |    47 ||    76
